 Dungeon Crawl Stone Soup version 0.30-a0-395-gfe72c29 (webtiles) character file.

Game seed: 13298523888048394706

18 Dorkslayer the Covered (level 2, 0/19 HPs)
             Began as a Gargoyle Fighter on Dec 6, 2022.
             Slain by Natasha (2 damage)
             ... on level 2 of the Dungeon.
             The game lasted 00:01:14 (641 turns).

Dorkslayer the Covered (Gargoyle Fighter)            Turns: 641, Time: 00:01:14

Health: 0/19       AC:  9    Str: 19    XL:     2   Next: 70%
Magic:  2/2        EV:  9    Int:  8    God:
Gold:   26         SH:  6    Dex:  9    Spells: 1/1 levels left

rFire   . . .      SeeInvis .    a - +0 war axe
rCold   . . .      Faith    .    f - +2 buckler
rNeg    + . .      Spirit   .    b - +0 scale mail
rPois   ∞          Reflect  .    (no helmet)
rElec   +          Harm     .    (no cloak)
rCorr   .          Rampage  .    (no gloves)
Will    .....                    (no boots)
Stlth   ..........               (no amulet)
HPRegen 0.23/turn                (no ring)
MPRegen 0.08/turn                (no ring)

@: no status effects
A: sickness immunity, AC +2, negative energy resistance 1, electricity
resistance, torment resistance 1, petrification resistance
a: no special abilities


You were on level 2 of the Dungeon.
You visited 1 branch of the dungeon, and saw 2 of its levels.

You collected 26 gold pieces.

Inventory:

Hand Weapons
 a - a +0 war axe (weapon)
Armour
 b - a +0 scale mail (worn)
 c - a +0 buckler
 f - a +2 buckler (worn)
Scrolls
 i - a scroll of identify {unknown}
 j - a scroll of enchant weapon {unknown}
Potions
 d - a potion of might
 e - a potion of invisibility {unknown}
 g - 2 potions of heal wounds {unknown}
 h - a potion of haste {unknown}


   Skills:
 + Level 3.5 Fighting
 + Level 2.0 Axes
 + Level 3.5 Armour
 * Level 0.6 Dodging
 + Level 3.5 Shields


You had one spell level left.
You didn't know any spells.
Your spell library was empty.

Dungeon Overview and Level Annotations

Branches:
Dungeon (2/15)

Altars:

Annotations:
D:2 Natasha


Innate Abilities, Weirdness & Mutations

You are immune to sickness and miasma.
Your stone body is resilient. (AC +2)
You are immune to poison.
You resist negative energy. (rN+)
You are resistant to electric shocks. (rElec)
You are resistant to unholy torment.
You are immune to petrification.


Message History

A bat comes into view.
The bat moves out of view.
The bat hits you but does no damage. You block the bat's attack.
You hit the bat but do no damage. The bat closely misses you.
You closely miss the bat. You block the bat's attack.
The bat hits you but does no damage.
You hit the bat but do no damage. The bat hits you but does no damage. x3
You hit the bat.
You kill the bat!
Key pressed, stopping explore.
A goblin comes into view. It is wielding a +0 dagger.
You closely miss the goblin. The goblin barely misses you.
The goblin hits you with a +0 dagger.
You hit the goblin.
The goblin is moderately wounded.
The goblin hits you but does no damage.
You closely miss the goblin.
The goblin is moderately wounded.
The goblin hits you but does no damage. x2
You slash the goblin!
You kill the goblin!
Natasha, Servant of Life and Death comes into view.
Natasha hisses angrily.
Things that are here:
a +0 dagger; a goblin corpse Natasha is nearby!
Natasha mewls in sadness.
Natasha claws you.
You slash Natasha!
Natasha is heavily wounded.
Natasha claws you. x2
* * * LOW HITPOINT WARNING * * *
You completely miss Natasha.
Natasha is heavily wounded.
Natasha claws you.
* * * LOW HITPOINT WARNING * * *
You closely miss Natasha.
Natasha is heavily wounded.
Natasha claws you.
You die...

## .# ##
##################
.................#
################)#
# #.# ##### #.#
..... #@# #####
#h# #.# #.# #..
###


You could see Natasha.

Vanquished Creatures
  An endoplasm (D:1)
  A giant cockroach (D:1)
  2 goblins
  A hobgoblin (D:1)
  2 jackals (D:1)
  A quokka (D:1)
  A ball python (D:1)
  3 bats
  4 frilled lizards (D:1)
  A kobold (D:1)
  A rat (D:1)
18 creatures vanquished.

Notes
Turn   | Place    | Note
-------+----------+-------------------------------------------
     0 | D:1      | Dorkslayer the Gargoyle Fighter began the quest for the
                  | Orb.
     0 | D:1      | Reached XP level 1. HP: 14/14 MP: 1/1
   168 | D:1      | Reached XP level 2. HP: 19/19 MP: 2/2
   635 | D:2      | Noticed Natasha
   641 | D:2      | Slain by Natasha

Illustrated notes

Levels and vault maps discovered:
D:1:      dreamdust_arrival_beginning_and_end, layout_loops_ring,
          chequers_serial_rivers_micro_d
D:2:      layout_loops_ring, basic_altar, minmay_pentomino_u4, uniq_natasha,
          uniq_crazy_yiuf_cottage

Skill      XL: |  1  2 |
---------------+-------+-----
Axes           | 2 |  2.0
Fighting       | |  3.5
Armour         | |  3.5
Dodging        | |  0.6
Shields        | |  3.5

Action                   || total
-------------------------++-------
Melee: War axe           ||    46
Armor: Scale mail        ||    31
Dodge: Dodged            ||    18
Block: Buckler           ||    10

Table legend: (Time is in decaauts)
 A = Elapsed time spent in this place.
 B = Non-inter-level travel time spent in this place.
 C = Inter-level travel time spent in this place.
 D = Time resting spent in this place.
 E = Time spent auto-exploring this place.
 F = Levels seen in this place.
 G = Mean time per level.
                   A        B        C        D        E       F      G
               +--------+--------+--------+--------+--------+-----+--------+
         Total |    660 |    660 |      0 |      0 |    353 |   2 |  330.0 |
       Dungeon |    660 |    660 |      0 |      0 |    353 |   2 |  330.0 |
               +--------+--------+--------+--------+--------+-----+--------+

Top non-repeatable levels by time:
     D:1: 585 daAuts
     D:2: 75 daAuts
